 Dungeon Crawl Stone Soup version 0.22-a0-247-gbddf880757 (webtiles) character file.

18 RedPan the Slasher (level 2, -2/24 HPs)
             Began as a Demonspawn Monk on Feb 25, 2018.
             Slain by a kobold
             ... wielding a +0 dagger
              (4 damage)
             ... on level 1 of the Dungeon.
             The game lasted 00:00:53 (458 turns).

RedPan the Slasher (Demonspawn Monk)                 Turns: 458, Time: 00:00:53

Health: -2/24      AC:  2    Str: 11    XL:     2   Next: 48%
Magic:  2/2        EV: 13    Int: 11    God:
Gold:   16         SH:  0    Dex: 15    Spells: 1/1 levels left

rFire    . . .     SeeInvis .   a - +0 falchion
rCold    . . .     Gourm    .   (no shield)
rNeg     . . .     Faith    .   b - +0 robe
rPois    .         Spirit   .   (no helmet)
rElec    .         Reflect  .   (no cloak)
rCorr    .         Harm     .   (no gloves)
MR       .....                  (no boots)
Stlth    ++........             (no amulet)
HPRegen  0.08/turn              (no ring)
MPRegen  0.08/turn              (no ring)

@: no status effects
A: demonic guardian 1
a: no special abilities


You were on level 1 of the Dungeon.
You were not hungry.

You visited 1 branch of the dungeon, and saw 1 of its levels.

You collected 16 gold pieces.

Inventory:

Hand Weapons
 a - a +0 falchion (weapon)
Armour
 b - a +0 robe (worn)
Scrolls
 e - a scroll of identify {unknown}
 h - a scroll of teleportation {unknown}
Potions
 d - a potion of brilliance {unknown}
 f - a potion of magic {unknown}
 g - a potion of curing {unknown}
 i - a potion of degeneration {unknown}
 j - a potion of berserk rage {unknown}
Comestibles
 c - 2 rations
 k - 2 chunks of flesh


   Skills:
 - Level 3.0 Fighting
 * Level 3.2 Long Blades
 + Level 3.0 Dodging
 - Level 1.7 Stealth


You had one spell level left.
You didn't know any spells.

Dungeon Overview and Level Annotations

Branches:
Dungeon (1/15)

Altars:


Innate Abilities, Weirdness & Mutations

A weak demonic guardian rushes to your aid.


Message History

A dart slug comes into view.
The kobold hits you but does no damage. The kobold hits you with a dagger.
Things that are here:
4 stones; a rat corpse You hit the kobold.
The kobold is moderately wounded.
The kobold hits you with a dagger.
* * * LOW HITPOINT WARNING * * *
You closely miss the kobold. The kobold hits you but does no damage.
You hit the kobold but do no damage. The kobold barely misses you.
You hit the kobold.
You kill the kobold!
The kobold throws a stone.
The stone completely misses you. The kobold hits you with a dagger.
* * * LOW HITPOINT WARNING * * *
Things that are here:
a dagger; 4 stones; a rat corpse You miss the kobold.
The kobold hits you but does no damage.
You barely miss the kobold. The kobold hits you with a dagger.
You die...

#.###...##.##.##.#)#
##.###.##.##.#)# #.
#.##.#....####### #.
#.##....(........ ##
#.####...(#####..
#.# ##.#.# #.#
#....#
###.##.####.#.###
.......K@....((.#
###.##..###.#.#.#
#..# #.#.#.!. #..#
#.#.# ### #..# #.#.#
...[ ..... ##..#
###.. ...# ##


You could see a kobold.

Vanquished Creatures
  A dart slug (D:1)
  A bat (D:1)
  2 hobgoblins (D:1)
  8 kobolds (D:1)
  2 frilled lizards (D:1)
  A goblin (D:1)
  A rat (D:1)
16 creatures vanquished.

Notes
Turn   | Place    | Note
-------+----------+-------------------------------------------
     0 | D:1      | RedPan the Demonspawn Monk began the quest for the Orb.
     0 | D:1      | Reached XP level 1. HP: 18/18 MP: 1/1
   150 | D:1      | Gained mutation: A weak demonic guardian rushes to your aid. [demonic ancestry]
   150 | D:1      | Reached XP level 2. HP: 18/24 MP: 2/2
   458 | D:1      | Slain by a kobold

Vault maps used:
D:1:      saegor_arrival_simple_e

Skill      XL: |  1  2 |
---------------+-------+-----
Long Blades    | 3 |  3.2
Dodging        | 3 |  3.0
Fighting       | |  3.0
Stealth        | |  1.7

Action                   || total
-------------------------++-------
Melee: Falchion          ||    38
 Stab: Sleeping          ||     1
Armor: Robe              ||     7
Dodge: Dodged            ||    28
       Rpst.: Falchion   ||     9

Table legend:
 A = Spawn XP
 B = Non-spawn XP
 C = Spawn XP percentage of total XP
 D = Spawn monster count
 E = Non-spawn monster count
 F = Spawn count percentage of total count
 G = Total turns spent on level
                    A         B        C        D         E        F      G
               +---------+---------+-------+---------+---------+-------+---------
         Total |       0 |      26 |   0.0 |       0 |      16 |   0.0 |   458
               +---------+---------+-------+---------+---------+-------+---------
           D:1 |       0 |      26 |   0.0 |       0 |      16 |   0.0 |   458
               +---------+---------+-------+---------+---------+-------+---------
